 Dungeon Crawl Stone Soup version 0.31.0-32-g396128a36d (webtiles) character file.

Game seed: 9448799154098462764

24965 Gazz the Spear-Bearer (level 13, -14/116 HPs)
             Began as a Hill Orc Fighter on Mar 16, 2024.
             Was an Elder of Jiyva.
             Demolished by a spark wasp (16 damage)
             ... on level 1 of the Spider Nest.
             The game lasted 01:24:43 (11136 turns).

Gazz the Spear-Bearer (Hill Orc Fighter)           Turns: 11136, Time: 01:24:43

Health: -14/116    AC: 18    Str: 22    XL:     13   Next: 16%
Magic:  0/22       EV:  8    Int:  6    God:    Jiyva [****..]
Gold:   216        SH: 11    Dex: 18    Spells: 12/12 levels left

rFire   . . .        N - +5 trident (drain)
rCold   . . .        c - +0 buckler
rNeg    . . .        j - +0 plate armour
rPois   +            G - +2 hat {Will+}
rElec   .            (no cloak)
rCorr   +            (no gloves)
SInv    +            A - +0 pair of boots
Will    +....        h - amulet of guardian spirit
Stlth   x              - ring of magical power
HPRegen 3.27/turn    (no ring)
MPRegen 0.82/turn

%: guardian spirit
@: no status effects
A: claws 2, large bone plates 1, see invisible, agile 2, poison resistance,
regeneration 2, eyeballs 2, engulf
a: Renounce Religion, Oozemancy, Slimify


You were on level 1 of the Spider Nest.
You worshipped Jiyva.
Jiyva was greatly pleased with you.
You visited 4 branches of the dungeon, and saw 14 of its levels.
You also visited: Bailey.

You collected 411 gold pieces.
You spent 195 gold pieces at shops.

Inventory:

Hand Weapons
 i - a +3 trident
 q - a +0 glaive
 y - a +0 orcbow
 E - a +2 flail of holy wrath
 F - a +0 battleaxe
 J - a +4 flail
 M - a +3 scimitar
 N - a +5 trident of draining (weapon)
 R - a +3 heavy trident
 X - a +4 spear
Missiles
 e - 29 poisoned darts (quivered)
 g - 38 stones
 L - 7 boomerangs
 S - 12 large rocks
Armour
 c - a +0 buckler (worn)
 j - a +0 plate armour (worn)
 o - +0 fire dragon scales
 A - a +0 pair of boots (worn)
 C - the +0 ring mail "Xius" {rN+}
   (You found it on level 1 of the Lair of Beasts)

   rN+:       It protects you from negative energy.
 G - a +2 hat of willpower (worn)
 O - an orb of energy
Jewellery
 h - an amulet of guardian spirit (around neck)
 x - a ring of magical power (left claw)
 B - a ring of see invisible
Talismans
 b - a serpent talisman
 z - a maw talisman
 D - a granite talisman
Wands
 l - a wand of flame (25)
 w - a wand of digging (4)
 P - a wand of roots (35)
 W - a wand of quicksilver (8)
Scrolls
 f - 4 scrolls of teleportation
 k - a scroll of brand weapon
 m - a scroll of fog
 r - a scroll of identify
 t - 3 scrolls of fear
Potions
 a - a potion of attraction {unknown}
 d - 4 potions of might
 n - 2 potions of lignification {unknown}
 s - 2 potions of mutation
 v - a potion of curing
 H - 2 potions of resistance
 Q - a potion of magic


   Skills:
 + Level 11.5 Fighting
 + Level 8.9(14.3) Axes
 + Level 8.8(10.0) Maces & Flails
 + Level 12.5(13.3) Polearms
 - Level 10.3 Armour
 - Level 3.2 Dodging
 - Level 1.2 Stealth
 - Level 8.5 Shields
 - Level 0.7 Evocations
 * Level 3.1 Shapeshifting


You had 12 spell levels left.
You didn't know any spells.
Your spell library contained the following spells:

 Spells                   Type           Power      Damage    Failure   Level
 Magic Dart               Conj           0%         1d3       100%        1
 Blink                    Tloc           0%         N/A       100%        2
 Call Imp                 Summ           0%         N/A       100%        2
 Animate Armour           Summ/Erth      0%         N/A       100%        4
 Summon Lightning Spire   Summ/Air       0%         N/A       100%        4
 Vhi's Electric Charge    Tloc/Air       0%         N/A       100%        4
 Arcjolt                  Conj/Air       0%         1d10      100%        5
 Lee's Rapid Deconstruct  Erth           0%         3d4*      100%        5
 Plasma Beam              Fire/Air       0%         2x1d10    100%        6


Dungeon Overview and Level Annotations

Branches:
Dungeon (10/15)            Temple (1/1) D:7            Lair (2/5) D:10
 Spider (1/4) Lair:2       Bailey (visited)
  Swamp: Lair:2-3    Shoals: Lair:2-3       Orc: D:9-12

Altars:
Ashenzari
Dithmenos
Elyvilon
Fedhas
Gozag
Hepliaklqana
Kikubaaqudgha
Makhleb
Nemelex Xobeh
Okawaru
Qazlal
Ru
Sif Muna
Trog
Uskayaw
Vehumet
Wu Jian
Xom
Yredelemnul
Zin
The Shining One
Jiyva

Shops:
D:7 (   D:9 :


Innate Abilities, Weirdness & Mutations

You have very sharp fingernails.
You are partially covered in large bone plates. (SH +4)
You have supernaturally acute eyesight. (SInv)
You are very agile. (Dex +8, Str/Int -2)
Your system is resistant to poisons. (rPois)
You heal very quickly.
Your body has grown many eyes which may confuse attackers. (Acc +5)
Your melee attacks may engulf your foes in ooze.


Message History

The tarantella touches the torpor snail.
The torpor snail is afflicted by dizzying energies!
The torpor snail appears confused.
The walls burn the culicivora!
You kill the culicivora!
The wall burns the torpor snail!
The wall burns the tarantella!
You hit the torpor snail but do no damage.
The torpor snail is heavily wounded.
You feel sick. You block the tarantella's attack.
The torpor snail barely misses the tarantella.
You hit the torpor snail but do no damage.
The torpor snail is heavily wounded.
You feel sick.
The tarantella touches the torpor snail!
You impale the tarantella!!
You kill the tarantella!
You feel sick.
Reach: N) +5 trident (drain)
Press: ? - help, Dir - move target, f - torpor snail
Aim: a torpor snail (severely wounded, confused, about 2% to evade your +5 trident of draining)
You reach to attack!
You completely miss the torpor snail.
The torpor snail is severely wounded.
Your surroundings suddenly seem different.
You feel sick.
You hear a distant slurping noise.
You feel yourself speed up.
You feel sick.
A spark wasp comes into view.
You feel sick.
You stop calling forth ooze.
You feel sick.
You are no longer poisoned.
The spark wasp buzzes angrily.
The spark wasp bursts into living lightning!
The living lightning hits you!!
* * * LOW HITPOINT WARNING * * *
The spark wasp blinks! x2
You barely miss the spark wasp. The spark wasp stings you!!
* * * LOW HITPOINT WARNING * * *
The spark wasp shocks you!
You die...

........
###...### ..#
#.## #..####
##.....##
#.......###
###.........##
............#
#...........
#@..........
#y..........
#...........
................
...##..........#
... #.....^....#
.. #.........^#
. #ยง........#.
...........


You could see a spark wasp.

Vanquished Creatures
  Gastronok (Lair:2)
  2 vault guards (Bailey)
  Erica (D:8)
  3 two-headed ogres
  An orb spider (Spider:1)
  2 wolf spiders (Spider:1)
  2 cyclopes
  A black mamba (Lair:1)
  Joseph (D:7)
  A gargoyle (D:7)
  A torpor snail (Lair:2)
  A cane toad (Lair:1)
  Jeremiah (D:7)
  3 komodo dragons
  A troll (D:7)
  4 tarantellas (Spider:1)
  3 blink frogs (Lair:2)
  Prince Ribbit (Bailey)
  4 dream sheep (Lair:2)
  Grinder (D:6)
  2 jumping spiders (Spider:1)
  A spriggan (Lair:2)
  8 culicivoras (Spider:1)
  18 yaks
  6 humans (Bailey)
  A wyvern (Lair:1)
  A basilisk (Lair:2)
  2 vampire mosquitoes (D:7)
  6 redbacks
  A warg (D:10)
  Menkaure (D:5)
  Edmund (D:4)
  8 water moccasins
  4 ice beasts
  2 sky beasts
  2 black bears
  2 orc warriors
  An ogre (D:4)
  17 wolves
  5 centaurs
  A phantom (D:5)
  3 kobold brigands
  8 bullfrogs
  A scorpion (D:5)
  9 wights
  4 killer bees (D:9)
  A howler monkey (D:6)
  4 electric eels (D:9)
  2 bombardier beetles
  2 hounds
  A quasit (D:7)
  A gnoll bouda (D:9)
  6 orc priests
  6 iguanas
  3 sleepcaps
  Natasha (twice) (D:2)
  15 orc wizards
  10 gnolls
  3 adders
  4 white imps
  7 ufetubi (D:7)
  22 orcs
  6 bats
  An endoplasm (D:1)
  2 giant cockroaches
  5 hobgoblins
  4 jackals (D:1)
  A quokka (D:3)
  6 ball pythons
  10 goblins
  14 kobolds
  7 rats
295 creatures vanquished.

Vanquished Creatures (others)
  A rime drake (Lair:2)
  A redback (Lair:2)
  A water moccasin (Lair:2)
  A phantom (D:6)
  4 kobold brigands (D:8)
  A bullfrog (Lair:1)
  A scorpion (D:6)
  2 wights (D:8)
  A killer bee (D:9)
  17 jellies
  2 orc priests (D:10)
  An iguana (D:6)
  A sleepcap (D:7)
  Natasha (D:2)
  3 adders
  4 gnolls
  A dart slug (D:2)
  5 endoplasms
  A ribbon worm (D:3)
  6 orcs
  A goblin (D:2)
  A hobgoblin (D:4)
  A bat (D:3)
  9 kobolds
  A rat (D:2)
68 creatures vanquished.

Grand Total: 363 creatures vanquished

Notes
Turn   | Place    | Note
-------+----------+-------------------------------------------
     0 | D:1      | Gazz the Hill Orc Fighter began the quest for the Orb.
     0 | D:1      | Reached XP level 1. HP: 19/19 MP: 1/1
    37 | D:1      | Reached XP level 2. HP: 27/27 MP: 2/2
   409 | D:1      | Found a faded altar of an unknown god.
   419 | D:1      | Prayed at the altar of an unknown god.
   419 | D:1      | Became a worshipper of Jiyva Jeisy the Shapeless
   419 | D:1      | Reached * piety under Jiyva
   721 | D:2      | Reached XP level 3. HP: 33/33 MP: 3/3
   857 | D:2      | Reached ** piety under Jiyva
  1076 | D:2      | Noticed Natasha
  1079 | D:2      | Killed Natasha
  1211 | D:2      | Noticed Natasha
  1215 | D:2      | Killed Natasha
  1216 | D:2      | Reached XP level 4. HP: 40/40 MP: 4/4
  1349 | D:2      | Noticed Natasha
  1354 | D:2      | Killed Natasha
  1436 | D:3      | Reached skill level 1 in Dodging
  1447 | D:3      | Reached XP level 5. HP: 40/46 MP: 5/5
  1468 | D:3      | Reached *** piety under Jiyva
  1567 | D:3      | Gained mutation: Your system is resistant to poisons.
                  | (rPois) [Jiyva's grace]
  1567 | D:3      | Gained mutation: You have a small jelly attached to you
                  | that may absorb projectiles. [Jiyva's grace]
  1567 | D:3      | Gained mutation: You have supernaturally acute eyesight.
                  | (SInv) [Jiyva's grace]
  1567 | D:3      | Gained mutation: You are agile. (Dex +4, Str/Int -1)
                  | [Jiyva's grace]
  1697 | D:3      | Found a sparkling altar of Nemelex Xobeh.
  1720 | D:3      | Found an iron altar of Okawaru.
  1722 | D:3      | Found a burning altar of Makhleb.
  1777 | D:3      | Reached **** piety under Jiyva
  1905 | D:3      | Found a white marble altar of Elyvilon.
  2479 | D:4      | a gnoll changed into a slime creature
  2479 | D:4      | Noticed a slime creature
  2573 | D:4      | Reached skill level 5 in Axes
  2573 | D:4      | Reached XP level 6. HP: 38/53 MP: 6/6
  2665 | D:4      | Reached skill level 5 in Armour
  2880 | D:4      | Noticed Edmund
  2884 | D:4      | Killed Edmund
  2885 | D:4      | Reached XP level 7. HP: 60/60 MP: 5/7
  3109 | D:5      | Entered Level 5 of the Dungeon
  3178 | D:5      | Reached skill level 5 in Fighting
  3306 | D:5      | Noticed Menkaure
  3310 | D:5      | Killed Menkaure
  3379 | D:5      | Gained mutation: Your mind is acute. (Int +4, Str/Dex -1)
                  | [Jiyva's grace]
  3379 | D:5      | Gained mutation: Your mind is very acute. (Int +8, Str/Dex
                  | -2) [Jiyva's grace]
  3379 | D:5      | Gained mutation: Your body has grown eyes which may confuse
                  | attackers. (Acc +3) [Jiyva's grace]
  3379 | D:5      | Gained mutation: Your body has grown many eyes which may
                  | confuse attackers. (Acc +5) [Jiyva's grace]
  3391 | D:5      | Reached XP level 8. HP: 68/68 MP: 8/8
  3473 | D:5      | You fall into a shaft and drop 1 floor!
  3483 | D:6      | Reached skill level 1 in Maces & Flails
  3500 | D:6      | Noticed Grinder
  3501 | D:6      | Paralysed by Grinder for 5 turns
  3508 | D:6      | Killed Grinder
  3654 | D:6      | Reached skill level 1 in Stealth
  3654 | D:6      | Reached XP level 9. HP: 75/75 MP: 9/9
  3943 | D:6      | Reached skill level 5 in Maces & Flails
  4938 | D:7      | Reached skill level 5 in Shields
  4941 | D:7      | Noticed a troll
  4946 | D:7      | Killed a troll
  4981 | D:7      | Noticed Joseph
  4998 | D:7      | Killed Joseph
  5113 | D:7      | Noticed Jeremiah
  5119 | D:7      | Reached XP level 10. HP: 81/86 MP: 7/10
  5120 | D:7      | Killed Jeremiah
  5136 | D:7      | Found a staircase to the Ecumenical Temple.
  5371 | D:7      | Lost mutation: You are agile. (Dex +4, Str/Int -1) [Jiyva's
                  | grace]
  5371 | D:7      | Gained mutation: You are partially covered in large bone
                  | plates. (SH +4) [Jiyva's grace]
  5371 | D:7      | Gained mutation: You are mostly covered in large bone
                  | plates. (SH +6) [Jiyva's grace]
  5371 | D:7      | Gained mutation: You are completely covered in large bone
                  | plates. (SH +8) [Jiyva's grace]
  5371 | D:7      | Gained mutation: Your body is covered in eyes which may
                  | confuse attackers. (Acc +7, SInv) [Jiyva's grace]
  5481 | D:7      | Found Xiury's Antique Weapon Boutique.
  5493 | D:7      | Bought a glowing trident for 195 gold pieces
  5518 | D:7      | Noticed a two-headed ogre
  5520 | D:7      | Noticed a gargoyle
  5529 | D:7      | Killed a gargoyle
  5531 | D:7      | Killed a two-headed ogre
  5532 | D:7      | Reached skill level 1 in Polearms
  5535 | D:7      | Noticed a cyclops
  5544 | D:7      | Killed a cyclops
  5545 | D:7      | Reached skill level 2 in Polearms
  5805 | Temple   | Entered the Ecumenical Temple
  5888 | D:8      | Noticed a cyclops
  5897 | D:8      | Killed a cyclops
  6211 | D:8      | Reached skill level 3 in Polearms
  6211 | D:8      | Noticed Erica
  6229 | D:8      | Killed Erica
  6230 | D:8      | Reached skill level 4 in Polearms
  6440 | D:8      | Found an ancient bone altar of Kikubaaqudgha.
  6440 | D:8      | Found an ornate altar of the Wu Jian Council.
  6440 | D:8      | Found a blossoming altar of Fedhas.
  6440 | D:8      | Found a shimmering blue altar of Sif Muna.
  6440 | D:8      | Found a shimmering blue altar of Sif Muna.
  6440 | D:8      | Found an ancient bone altar of Kikubaaqudgha.
  6804 | D:8      | Identified a scroll of acquirement
  6804 | D:8      | Acquired 1217 gold pieces
  6900 | D:9      | Reached XP level 11. HP: 95/95 MP: 11/11
  6906 | D:9      | Reached skill level 5 in Polearms
  6930 | D:9      | Reached skill level 6 in Polearms
  7057 | D:9      | Noticed a two-headed ogre
  7068 | D:9      | Killed a two-headed ogre
  7339 | D:9      | Noticed a two-headed ogre
  7350 | D:9      | Killed a two-headed ogre
  7353 | D:9      | Found Akas's Vocational Training.
  7828 | D:10     | Entered Level 10 of the Dungeon
  7857 | D:10     | Reached ***** piety under Jiyva
  7875 | D:10     | Found a staircase to the Lair.
  8002 | D:10     | Lost mutation: You are completely covered in large bone
                  | plates. (SH +8) [Jiyva's grace]
  8002 | D:10     | Lost mutation: You are mostly covered in large bone plates.
                  | (SH +6) [Jiyva's grace]
  8002 | D:10     | Lost mutation: Your mind is very acute. (Int +8, Str/Dex
                  | -2) [Jiyva's grace]
  8002 | D:10     | Gained mutation: You have sharp fingernails. [Jiyva's
                  | grace]
  8002 | D:10     | Gained mutation: You have very sharp fingernails. [Jiyva's
                  | grace]
  8002 | D:10     | Gained mutation: You have claws for hands. [Jiyva's grace]
  8002 | D:10     | Gained mutation: Your melee attacks may engulf your foes in
                  | ooze. [Jiyva's grace]
  8132 | D:10     | Found a flagged portal.
  8144 | D:10     | Reached skill level 7 in Polearms
  8150 | Bailey   | Entered a bailey
  8248 | Bailey   | Noticed a vault guard
  8266 | Bailey   | Killed a vault guard
  8287 | Bailey   | Noticed a vault guard
  8287 | Bailey   | Noticed Prince Ribbit
  8306 | Bailey   | Killed Prince Ribbit
  8307 | Bailey   | Reached skill level 8 in Polearms
  8311 | Bailey   | Killed a vault guard
  8506 | D:10     | Reached XP level 12. HP: 106/106 MP: 12/12
  8556 | D:10     | Reached skill level 9 in Polearms
  8873 | Lair:1   | Entered Level 1 of the Lair of Beasts
  8888 | Lair:1   | Reached skill level 10 in Fighting
  8971 | Lair:1   | Reached skill level 10 in Armour
  9373 | Lair:1   | Identified the +0 ring mail "Xius" {rN+}
 10037 | Lair:2   | Reached skill level 10 in Polearms
 10061 | Lair:2   | Noticed Gastronok
 10087 | Lair:2   | Killed Gastronok
 10179 | Lair:2   | Reached skill level 1 in Shapeshifting
 10363 | Lair:2   | Reached skill level 11 in Polearms
 10374 | Lair:2   | Found a hole to the Spider Nest.
 10499 | Lair:2   | Lost mutation: You have claws for hands. [Jiyva's grace]
 10499 | Lair:2   | Lost mutation: Your mind is acute. (Int +4, Str/Dex -1)
                  | [Jiyva's grace]
 10499 | Lair:2   | Lost mutation: Your body is covered in eyes which may
                  | confuse attackers. (Acc +7, SInv) [Jiyva's grace]
 10499 | Lair:2   | Lost mutation: You have a small jelly attached to you that
                  | may absorb projectiles. [Jiyva's grace]
 10499 | Lair:2   | Gained mutation: You are agile. (Dex +4, Str/Int -1)
                  | [Jiyva's grace]
 10499 | Lair:2   | Gained mutation: You are very agile. (Dex +8, Str/Int -2)
                  | [Jiyva's grace]
 10499 | Lair:2   | Gained mutation: Your natural rate of healing is unusually
                  | fast. [Jiyva's grace]
 10499 | Lair:2   | Gained mutation: You heal very quickly. [Jiyva's grace]
 10961 | Spider:1 | Entered Level 1 of the Spider Nest
 11027 | Spider:1 | Reached skill level 12 in Polearms
 11027 | Spider:1 | Reached XP level 13. HP: 116/116 MP: 13/13
 11126 | Spider:1 | HP: 2/116 [culicivora (9)]
 11133 | Spider:1 | Noticed a spark wasp
 11136 | Spider:1 | HP: 2/116 [spark wasp (16)]
 11136 | Spider:1 | Demolished by a spark wasp

Illustrated notes

Levels and vault maps discovered:
D:1:      minmay_arrival_four_houses, layout_basic,
          shapermc_ecumenical_altar_gd, minmay_rat_gold_closets
D:2:      layout_basic, uniq_natasha
D:3:      layout_basic, nicolae_overflow_hidden_temple, elyvilon_altar_5
D:4:      layout_loops_ring, uniq_edmund
D:5:      layout_basic, uniq_menkaure
D:6:      layout_basic, uniq_grinder
D:7:      layout_loops_cross, minmay_temple_entry_mist, serial_demonic,
          serial_demonic_f, serial_demonic_e, serial_demonic_c,
          serial_demonic_d, serial_demonic_b, serial_shops, shop,
          minmay_shattered_shrine, uniq_joseph, uniq_jeremiah
D:8:      cheibrodos_fertilizer, layout_loops_corners, uniq_erica
D:9:      layout_basic, nicolae_shop_vocational
D:10:     layout_basic, erik_lair_orcish_takeover, enter_bailey_3
Temple:   sentei_temple_godly_chess
Lair:1:   layout_cave_pods, serial_bayou_pond_c
Lair:2:   layout_loops_ring, spider_nest_entry_webs, wad_woods_03,
          grunt_megastairs_5, infiniplex_staircase_pool_2, lemuel_fruit_tree,
          uniq_gastronok
Spider:1: layout_chambers

Skill      XL: |  1  2  3  4  5  6  7  8  9 10 11 12 13 |
---------------+----------------------------------------+-----
Axes           | 3 4 5 6 8 |  8.9
Fighting       | 4 5 6 7 8 9 11 | 11.5
Shields        | 4 5 6 7 8 |  8.5
Dodging        | 1 2 3 |  3.2
Armour         | 4 5 6 7 8 9 10 | 10.3
Maces & Flails | 4 7 8 |  8.8
Stealth        | 1 |  1.2
Polearms       | 4 8 12 | 12.5
Shapeshifting  | 2 3 |  3.1
Evocations     | |  0.7

Action                     |  1- 3 |  4- 6 |  7- 9 | 10-12 | 13-15 || total
---------------------------+-------+-------+-------+-------+-------++-------
  Melee: War axe           |    81 |   125 |    15 |       |       ||   221
         Flail             |       |       |   168 |     2 |       ||   170
         Trident           |       |       |       |   679 |    55 ||   734
 Invoke: Slimify           |       |     1 |       |       |       ||     1
         Oozemancy         |       |     1 |     5 |     8 |     1 ||    15
  Evoke: Wand              |       |       |       |     3 |       ||     3
    Use: Scroll            |       |       |     1 |    13 |     1 ||    15
         Potion            |       |       |     1 |     7 |     2 ||    10
   Stab: Confused          |       |       |     6 |    18 |     3 ||    27
         Invisible         |       |       |       |     2 |       ||     2
 Armour: Scale mail        |    41 |    89 |    33 |       |       ||   163
         Plate armour      |       |       |   137 |   302 |    71 ||   510
         Chain mail        |       |       |    11 |       |       ||    11
         Skin              |       |       |     8 |       |       ||     8
  Dodge: Dodged            |    43 |    73 |    55 |   117 |    26 ||   314
  Block: Buckler           |    16 |    36 |    46 |   246 |    47 ||   391
         Form:             |       |       |       |     2 |       ||     2
         Statue            |       |       |       |     1 |       ||     1
         Maw               |       |       |       |     1 |       ||     1
